 Dungeon Crawl Stone Soup version 0.32-a0-711-g016ad743e0 (webtiles) character file.

Game seed: 4884629061897741245

29312 senseless the Mimic (level 13, -3/112 HPs)
             Began as a Yellow Draconian Shapeshifter on Mar 15, 2024.
             Was a Believer of Uskayaw.
             Slain by a minotaur
             ... wielding a staff of cold
              (5 damage)
             ... in a Gauntlet.
             The game lasted 00:46:45 (10453 turns).

senseless the Mimic (DrSh)                         Turns: 10453, Time: 00:46:46

Health: -3/112     AC: 15    Str: 23    XL:     13   Next: 14%
Magic:  13/13      EV: 15    Int: 12    God:    Uskayaw [**....]
Gold:   921        SH: 10    Dex: 17    Spells: 12/12 levels left

rFire   + .          .
                       - Unarmed
rCold   . . .        v - +3 warlock's mirror {omnireflect}
rNeg    + . .        (body armour unavailable)
rPois   .            s - +2 hat
rElec   .            E - +2 cloak {Stlth+}
rCorr   +            K - +1 pair of gloves of the Nexus {rN+ rCorr Stlth-}
SInv    .            (no boots)
Will    .....        O - amulet of regeneration
Stlth   ++           t - ring of protection from fire
HPRegen 1.98/turn    f - +6 ring of dexterity
MPRegen 0.13/turn

%: no teleportation, reflection
@: maw-form, slowed, very slow
A: devouring maw, caustic breath, AC +8, unfitting armour, cold-blooded, acid
resistance, talons 2, regeneration 1
a: Caustic Breath, Begin Untransformation, Renounce Religion, Stomp, Line Pass


You were in a Gauntlet.
You worshipped Uskayaw.
Uskayaw was noncommittal.
You were a creature with a mouth for a stomach.
You visited 2 branches of the dungeon, and saw 14 of its levels.
You also visited: Gauntlet.

You collected 921 gold pieces.

Inventory:

Hand Weapons
 m - a +2 long sword of flaming
Armour
 d - the +1 pair of boots "Kewn" {rF+}
   (You found it on level 11 of the Dungeon)

   rF+:       It protects you from fire.
 s - a +2 hat (worn)
 v - the +3 warlock's mirror (worn) {omnireflect}
   (You acquired it on level 4 of the Dungeon)

   Omnireflect: It can block and reflect piercing ranged attacks and magical
   attacks against the wielder's willpower.
 E - a +2 cloak of stealth (worn)
 G - a +2 pair of gloves
 K - the +1 pair of gloves of the Nexus (worn) {rN+ rCorr Stlth-}
   (You found it on level 9 of the Dungeon)

   rN+:       It protects you from negative energy.
   rCorr:     It protects you from acid and corrosion.
   Stlth-:    It makes you less stealthy.
 X - a scarf of invisibility
Jewellery
 f - a +6 ring of dexterity (right hand)
 g - a +6 ring of intelligence
 k - the ring of Hiupot {rPois rF+ rCorr SInv}
   (You found it in a Gauntlet)

   [ring of resist corrosion]

   rF+:       It protects you from fire.
   rPois:     It protects you from poison.
   SInv:      It lets you see invisible.
   rCorr:     It protects you from acid and corrosion.
 o - a ring of magical power
 r - a ring of magical power
 t - a ring of protection from fire (left hand)
 O - an amulet of regeneration (around neck)
 Q - a ring of see invisible
 S - the ring "Xotekiv" {Fire rN+}
   (You found it on level 10 of the Dungeon)

   [ring of fire]

   Fire:      It enhances your fire magic.
   rF+:       It protects you from fire.
   rC-:       It makes you vulnerable to cold.
   rN+:       It protects you from negative energy.
 Z - a ring of ice
Talismans
 b - a beast talisman
 c - a flux talisman
 l - the maw talisman of Peidwer (active) {Str+3}
   (You found it on level 3 of the Dungeon)

   [maw talisman]

   Str+3:     It affects your strength (+3).
 T - a blade talisman
Wands
 n - a wand of flame (22) (quivered)
 z - a wand of quicksilver (19)
 B - a wand of roots (8)
 C - a wand of digging (1)
 D - a wand of paralysis (16)
 I - a wand of polymorph (13)
Scrolls
 i - a scroll of amnesia
 q - 2 scrolls of butterflies
 y - 3 scrolls of teleportation
 A - a scroll of revelation
 F - 2 scrolls of fear
 L - 2 scrolls of enchant armour
 M - a scroll of silence
 N - a scroll of blinking
 R - a scroll of enchant weapon
 U - a scroll of vulnerability
 V - a scroll of poison
 W - 2 scrolls of identify
Potions
 a - 2 potions of lignification
 h - 3 potions of brilliance
 j - 3 potions of enlightenment
 p - 3 potions of cancellation
 u - 2 potions of curing
 x - a potion of invisibility
 H - a potion of resistance
 J - 3 potions of mutation
 P - a potion of attraction
Miscellaneous
 e - a condenser vane
 Y - a phial of floods


   Skills:
 + Level 9.7 Fighting
 + Level 8.2 Dodging
 + Level 11.1 Shields
 + Level 9.2 Unarmed Combat
 + Level 11.4 Shapeshifting


You had 12 spell levels left.
You didn't know any spells.
Your spell library contained the following spells:

 Spells                   Type           Power      Damage    Failure   Level
 Sandblast                Erth           0%         2d4       36%         1
 Scorch                   Fire           0%         2d5       50%         2
 Static Discharge         Conj/Air       0%         3-3/arc   50%         2
 Gell's Gravitas          Tloc           0%         N/A       73%         3
 Stone Arrow              Conj/Erth      0%         3d7       73%         3
 Teleport Other           Tloc           0%         N/A       73%         3
 Airstrike                Air            0%         2d(0-16)  98%         4
 Animate Dead             Necr           0%         N/A       98%         4
 Brom's Barrelling Bould  Conj/Erth      0%         2d3       98%         4
 Flame Wave               Conj/Fire      0%         2d4       98%         4
 Olgreb's Toxic Radiance  Alch           0%         N/A       98%         4
 Summon Lightning Spire   Summ/Air       0%         N/A       98%         4
 Vhi's Electric Charge    Tloc/Air       0%         N/A       98%         4
 Arcjolt                  Conj/Air       0%         1d10      100%        5
 Borgnjor's Vile Clutch   Necr/Erth      0%         N/A       100%        5
 Death Channel            Necr           0%         N/A       100%        6
 Dispersal                Tloc           0%         N/A       100%        6
 Summon Cactus Giant      Summ           0%         N/A       100%        6
 Haunt                    Necr/Summ      0%         N/A       100%        7
 Ozocubu's Refrigeration  Ice            0%         4d7       100%        7
 Discord                  Hex            0%         N/A       100%        8
 Infestation              Necr           0%         N/A       100%        8
 Maxwell's Capacitive Co  Air            0%         ∞         100%        8


Dungeon Overview and Level Annotations

Branches:
Dungeon (13/15)            Temple (1/1) D:4            Lair (0/5) D:8
    Orc (0/2) D:9         Gauntlet (1/1)
 Vaults: D:13-14

Altars:
Ashenzari
Cheibriados
Dithmenos
Elyvilon
Fedhas
Gozag
Hepliaklqana
Kikubaaqudgha
Makhleb
Nemelex Xobeh
Okawaru
Qazlal
Ru
Sif Muna
Trog
Uskayaw
Vehumet
Wu Jian
Xom
Yredelemnul
Zin
The Shining One
Beogh

Annotations:
Gauntlet 6 transporters, 2 runed translucent doors, exclusion: oklob plant


Innate Abilities, Weirdness & Mutations

You are a creature with a mouth for a stomach.
Your midsection houses a second, enormous mouth.
You can breathe corrosive fumes.
Your golden yellow scales are hard. (AC +8)
You cannot fit into any form of body armour.
You are cold-blooded and may be slowed by cold attacks.
You are resistant to acid. (rCorr)
You have razor-sharp toenails.
Your natural rate of healing is unusually fast.


Message History

You hit the minotaur.
You claw the minotaur, but do no damage.
Your bite misses the minotaur.
The minotaur is lightly wounded.
You feel yourself speed up. The minotaur barely misses you.
You block the minotaur's attack.
Unknown command.
You hit the minotaur but do no damage. You claw the minotaur.
Your bite misses the minotaur.
The minotaur is lightly wounded.
The minotaur hits you but does no damage.
The minotaur freezes you!
You feel yourself slow down. The minotaur misses you.
Unknown command.
Aiming: Caustic Breath
Press: ? - help, Shift-Dir - straight line, f - minotaur
Aim: a minotaur, wielding a staff of cold, wearing a +0 plate armour and quivering silver javelins (lightly wounded, 95% to hit)
You breathe a spray of caustic vapour.
The acid spray hits the minotaur!
The minotaur is moderately wounded.
The minotaur hits you with a staff of cold!
The minotaur freezes you. You block the minotaur's attack.
The minotaur hits you with a staff of cold!
* * * LOW HITPOINT WARNING * * *
The minotaur freezes you!
* * * LOW HITPOINT WARNING * * *
You feel as though you will be slow longer.
You block the minotaur's attack.
You can now pass through a line of other dancers.
Aiming: Caustic Breath
Press: ? - help, Shift-Dir - straight line, f/p - minotaur
Aim: a minotaur, wielding a staff of cold, wearing a +0 plate armour and quivering silver javelins (moderately wounded, 95% to hit)
You breathe a spray of caustic vapour.
The acid spray hits the minotaur!!
The acid corrodes the minotaur!
The minotaur is heavily wounded.
The minotaur hits you with a staff of cold!
* * * LOW HITPOINT WARNING * * *
The minotaur freezes you.
* * * LOW HITPOINT WARNING * * *
The minotaur gores you.
You die...
Your body falls in perfect tune with the rhythm.

......≈# #####.##
....#.≈## .#
###.#.≈≈#.ß.#### ##
#.^?#.≈##...##.. .#
©..©#.###.ß.##.# .#
#.^[#..##......# .#
###|#...#.ß.##.##.#
....#.∩.#...##..WH#
#####...#.©.##.##.#
#.....ß.#......# .'.
#####...#.©.##.# .#.#
....#.∩.#...##....#.#
#..##...#.ß.##.##.# #
..###..##......# .#
©##§#.###.ß.##.# .#
##..#.≈##...##..


You could see a minotaur (corroded).

Vanquished Creatures
  A boulder beetle (D:11)
  4 two-headed ogres
  A soul eater (Gauntlet)
  2 sixfirhies (Gauntlet)
  Pikel (D:7)
  A manticore (D:12)
  An ugly thing (D:11)
  Maurice (D:7)
  2 cyclopes
  An ice statue (Gauntlet)
  2 gargoyles
  Maggie (D:7)
  3 unseen horrors (D:11)
  An efreet (D:12)
  A rime drake (Gauntlet)
  A tengu conjurer (D:12)
  5 trolls
  2 hornets
  2 vampires
  3 wraiths
  2 shadows
  5 wyverns
  Eustachio (D:4)
  A fire bat (shapeshifter) (D:12)
  A fire bat (D:10)
  9 yaks
  A basilisk (D:8)
  An acid dragon (D:10)
  2 water moccasins
  A hell hound (D:10)
  2 orc warriors
  3 sky beasts
  An ice beast (D:6)
  6 black bears
  3 ogres
  10 centaurs
  A weeping skull (D:8)
  4 lemures (D:7)
  3 kobold brigands
  A bullfrog (D:7)
  6 scorpions
  5 wights
  8 killer bees
  2 howler monkeys
  3 bombardier beetles
  5 hounds
  3 jellies
  5 orc priests
  2 sleepcaps
  Crazy Yiuf (D:5)
  3 iguanas
  20 orc wizards
  4 gnolls
  6 adders
  6 shadow imps
  3 white imps
  2 ribbon worms
  6 dart slugs (D:1)
  25 orcs
  4 endoplasms
  2 giant cockroaches
  7 goblins
  7 hobgoblins
  6 jackals
  18 kobolds
  2 quokkas
  11 ball pythons
  4 bats
  5 frilled lizards
  9 rats
  A spectral orc (D:8)
  A butterfly (D:4)
286 creatures vanquished.

Vanquished Creatures (others)
  An orc priest (D:6)
1 creature vanquished.

Grand Total: 287 creatures vanquished

Notes
Turn   | Place    | Note
-------+----------+-------------------------------------------
     0 | D:1      | senseless the Draconian Shapeshifter began the quest for
                  | the Orb.
     0 | D:1      | Reached XP level 1. HP: 16/16 MP: 1/1
    83 | D:1      | Reached XP level 2. HP: 18/23 MP: 2/2
   214 | D:1      | Found a faded altar of an unknown god.
   262 | D:1      | Reached XP level 3. HP: 29/29 MP: 3/3
   798 | D:2      | Reached XP level 4. HP: 37/37 MP: 4/4
  1411 | D:3      | Identified the maw talisman of Peidwer {Str+3}
  1420 | D:3      | Reached XP level 5. HP: 44/44 MP: 5/5
  1420 | D:3      | Found a burning altar of Makhleb.
  1447 | D:3      | Found a broken altar of Ashenzari.
  1939 | D:4      | Identified 2 scrolls of acquirement
  1939 | D:4      | Acquired the +3 warlock's mirror {omnireflect}
  1939 | D:4      | Found the +3 warlock's mirror {omnireflect}
  1958 | D:4      | Acquired a +6 ring of dexterity
  2126 | D:4      | Noticed a black bear
  2133 | D:4      | Killed a black bear
  2134 | D:4      | Reached skill level 1 in Shields
  2134 | D:4      | Reached XP level 6. HP: 45/51 MP: 6/6
  2191 | D:4      | Noticed Eustachio
  2229 | D:4      | Killed Eustachio
  2286 | D:4      | Found a staircase to the Ecumenical Temple.
  2301 | Temple   | Entered the Ecumenical Temple
  2311 | Temple   | Became a worshipper of Uskayaw the Reveller
  2343 | D:4      | Noticed a wyvern
  2343 | D:4      | Reached * piety under Uskayaw
  2348 | D:4      | Reached ** piety under Uskayaw
  2351 | D:4      | Your scales start taking on a golden yellow colour.
  2351 | D:4      | Reached XP level 7. HP: 45/58 MP: 7/7
  2351 | D:4      | Gained mutation: You are resistant to acid. (rCorr) [Yellow
                  | Draconian growth]
  2352 | D:4      | Killed a wyvern
  2352 | D:4      | Reached *** piety under Uskayaw
  2479 | D:4      | Found a sparkling altar of Nemelex Xobeh.
  2769 | D:5      | Entered Level 5 of the Dungeon
  3014 | D:5      | Found a stormy altar of Qazlal.
  3088 | D:5      | Reached **** piety under Uskayaw
  3272 | D:5      | Reached skill level 5 in Unarmed Combat
  3299 | D:5      | Reached XP level 8. HP: 67/67 MP: 8/8
  3384 | D:5      | Found an ancient bone altar of Kikubaaqudgha.
  3532 | D:5      | Found a runed translucent door.
  3533 | D:5      | Noticed Crazy Yiuf
  3923 | D:5      | Killed Crazy Yiuf
  4084 | D:6      | Reached skill level 5 in Fighting
  4084 | D:6      | Reached skill level 5 in Shields
  4084 | D:6      | Reached skill level 5 in Shapeshifting
  4355 | D:6      | Found an ornate altar of the Wu Jian Council.
  4819 | D:7      | Noticed Maurice
  4827 | D:7      | Killed Maurice
  4828 | D:7      | Reached skill level 5 in Dodging
  4828 | D:7      | Reached XP level 9. HP: 69/75 MP: 9/9
  4867 | D:7      | Found a glowing silver altar of Zin.
  5023 | D:7      | Noticed Pikel
  5026 | D:7      | Noticed Maggie
  5028 | D:7      | Noticed a gargoyle
  5042 | D:7      | Reached ***** piety under Uskayaw
  5059 | D:7      | Killed a gargoyle
  5119 | D:7      | HP: 3/75 [Pikel/+1 whip of freezing (2)]
  5121 | D:7      | Gained mutation: You have sharp toenails. [potion of
                  | mutation]
  5121 | D:7      | Gained mutation: Your natural rate of healing is unusually
                  | fast. [potion of mutation]
  5121 | D:7      | Gained mutation: You have razor-sharp toenails. [potion of
                  | mutation]
  5123 | D:7      | Killed Pikel
  5124 | D:7      | HP: 2/117 [poisoned by a water moccasin]
  5131 | D:7      | Killed Maggie
  5526 | D:7      | Reached XP level 10. HP: 84/84 MP: 10/10
  5684 | D:7      | Found an opulent altar of Gozag.
  6036 | D:8      | Found a staircase to the Lair.
  6099 | D:8      | Found an iron altar of Okawaru.
  6176 | D:8      | Found a bloodstained altar of Trog.
  6650 | D:8      | Found a basalt altar of Yredelemnul.
  6766 | D:9      | Identified the +1 pair of gloves of the Nexus {rN+ rCorr
                  | Stlth-}
  7182 | D:9      | Found a white marble altar of Elyvilon.
  7215 | D:9      | Noticed a two-headed ogre
  7228 | D:9      | Killed a two-headed ogre
  7261 | D:9      | Reached XP level 11. HP: 64/94 MP: 11/11
  7279 | D:9      | Found a staircase to the Orcish Mines.
  7356 | D:9      | Found a roughly hewn altar of Beogh.
  7520 | D:10     | Entered Level 10 of the Dungeon
  7892 | D:10     | Identified the ring "Xotekiv" {Fire rN+}
  7979 | D:10     | Noticed a two-headed ogre
  7981 | D:10     | Paralysed by a hornet for 2 turns
  7994 | D:10     | HP: 3/94 [two-headed ogre/+0 giant club (5)]
  7995 | D:10     | Killed a two-headed ogre
  8227 | D:10     | Reached skill level 10 in Shields
  8245 | D:10     | Found a shimmering altar of Xom.
  8404 | D:10     | Found a hazy altar of Hepliaklqana.
  8641 | D:11     | Reached skill level 10 in Shapeshifting
  8641 | D:11     | Reached XP level 12. HP: 103/103 MP: 12/12
  8946 | D:11     | Noticed a two-headed ogre
  8965 | D:11     | Killed a two-headed ogre
  9018 | D:11     | Noticed a boulder beetle
  9052 | D:11     | Killed a boulder beetle
  9196 | D:11     | Identified the +1 pair of boots "Kewn" {rF+}
  9701 | D:12     | Found a radiant altar of Vehumet.
 10161 | D:13     | Noticed a two-headed ogre
 10163 | D:13     | Found a gate leading to a gauntlet.
 10167 | D:13     | Killed a two-headed ogre
 10168 | D:13     | Reached XP level 13. HP: 111/111 MP: 13/13
 10178 | Gauntlet | Entered a Gauntlet
 10178 | Gauntlet | Found a transporter.
 10178 | Gauntlet | Found a runed translucent gate.
 10178 | Gauntlet | Found a transporter.
 10180 | Gauntlet | Found a runed translucent gate.
 10181 | Gauntlet | Found a runed translucent gate.
 10196 | Gauntlet | Found a transporter.
 10200 | Gauntlet | Found a transporter.
 10208 | Gauntlet | Found a transporter.
 10212 | Gauntlet | Found a transporter.
 10220 | Gauntlet | Found a transporter.
 10237 | Gauntlet | Found a transporter.
 10252 | Gauntlet | Found a transporter.
 10256 | Gauntlet | Found a transporter.
 10258 | Gauntlet | Found a runed translucent door.
 10260 | Gauntlet | Found a runed translucent door.
 10264 | Gauntlet | Found a transporter.
 10268 | Gauntlet | Found a transporter.
 10426 | Gauntlet | Identified the ring of Hiupot {rPois rF+ rCorr SInv}
 10445 | Gauntlet | Noticed a minotaur
 10453 | Gauntlet | HP: 4/112 [minotaur/staff of cold (9)]
 10453 | Gauntlet | Slain by a minotaur

Illustrated notes

Levels and vault maps discovered:
D:1:      dpeg_arrival_prison, layout_loops_cross,
          nicolae_ecumenical_snake_handling, minmay_box_of_dots
D:2:      layout_rooms, serial_aquarium, aquarium_bridge_square
          [aquarium_subvault_bridge, aquarium_subvault_wall,
          aquarium_subvault_wall, aquarium_subvault_window],
          aquarium_window_fake, aquarium_window_fake, aquarium_view_2a,
          aquarium_view_2a, corexii_leaking_fountain
D:3:      layout_rooms, ashenzari_altar_1, mainiacjoe_overflow_small_starburst
D:4:      layout_rooms, nemelex_dance_club_becter,
          minmay_temple_entry_butterflies, uniq_eustachio
D:5:      layout_loops_corners, lemuel_coloured_pillars_altar,
          mainiacjoe_overflow_boulevard, kennysheep_crisscross,
          serial_bayou_lagoon_a, uniq_crazy_yiuf_cottage
D:6:      layout_cave_pools, kennysheep_little_box
D:7:      minmay_recursive_quarters, layout_basic,
          pdpol_temple_overflow_zin_treasury_gozag_greed, uniq_maggie,
          uniq_maurice, uniq_pikel
D:8:      layout_loops_cross, yredelemnul_forgotten_temple_becter,
          trog_three_pillars_becter, okawaru_trees_2, minmay_lair_entry_grove
D:9:      minmay_flawed_box, layout_cave_pools, lemuel_doored_altar,
          minmay_orc_entry_temple_small, amcnicky_mini_pool_small
D:10:     layout_stronghold, mainiacjoe_overflow_alcove_4,
          regret_index_xom_of_box, grunt_decor_clamped
D:11:     layout_cave_pods, st_stairs_4
D:12:     layout_irregular_city, minivault_19, fiery_altar_vehumet
D:13:     layout_irregular_city, gauntlet_entry_generic,
          amcnicky_mini_pool_medium, uniq_frances
Temple:   hellmonk_temple_rainy
Gauntlet: minmay_gauntlet_77_indecision [minmay_gauntlet_arena_77_run_for_it,
          minmay_gauntlet_arena_77_hold_the_fort,
          minmay_gauntlet_arena_77_cramped,
          minmay_gauntlet_arena_77_terracotta_army,
          minmay_gauntlet_arena_77_two_lines, minmay_gauntlet_arena_77_mirror,
          gauntlet_exit_watery]

Skill      XL: |  1  2  3  4  5  6  7  8  9 10 11 12 |
---------------+-------------------------------------+-----
Dodging        | 2 3 4 5 6 7 8 |  8.2
Fighting       | 2 3 4 5 6 7 8 9 |  9.7
Unarmed Combat | 4 5 6 7 8 9 |  9.2
Shields        | 1 2 4 6 7 9 10 11 | 11.1
Shapeshifting  | 4 5 6 7 10 11 | 11.4

Action                     |  1- 3 |  4- 6 |  7- 9 | 10-12 | 13-15 || total
---------------------------+-------+-------+-------+-------+-------++-------
  Melee: Unarmed           |   106 |   137 |   243 |   440 |    52 ||   978
         Tailslap          |    12 |    14 |    42 |    69 |     7 ||   144
         Punch             |     1 |     2 |       |       |       ||     3
         Kick              |       |       |     5 |   127 |    18 ||   150
         Maw               |       |       |       |    49 |    14 ||    63
  Throw: Boomerang         |       |    19 |       |       |       ||    19
         Dart              |       |     5 |     3 |       |       ||     8
 Invoke: Line Pass         |       |       |     1 |       |       ||     1
Ability: Caustic Breath    |       |       |     7 |     3 |     3 ||    13
  Evoke: Wand              |       |       |    17 |     5 |       ||    22
    Use: Scroll            |     3 |     3 |    12 |    12 |       ||    30
         Potion            |       |     1 |     6 |     2 |       ||     9
   Stab: Paralysed         |       |       |    15 |    23 |     2 ||    40
         Sleeping          |       |       |     3 |       |       ||     3
         Distracted        |       |       |     1 |       |     1 ||     2
 Armour: Skin              |    43 |    94 |   103 |   305 |    33 ||   578
  Dodge: Dodged            |    51 |    98 |    62 |   217 |    19 ||   447
  Block: Buckler           |       |    25 |    77 |   226 |    23 ||   351
         Reflection        |       |     1 |     3 |    23 |       ||    27
         Form:             |       |     1 |     3 |     1 |       ||     5
         Beast             |       |     1 |     3 |     1 |       ||     5
         Maw               |       |       |       |     1 |       ||     1

Table legend: (Time is in decaauts)
 A = Elapsed time spent in this place.
 B = Non-inter-level travel time spent in this place.
 C = Inter-level travel time spent in this place.
 D = Time resting spent in this place.
 E = Time spent auto-exploring this place.
 F = Levels seen in this place.
 G = Mean time per level.
                   A        B        C        D        E       F      G
               +--------+--------+--------+--------+--------+-----+--------+
         Total |  10390 |   9984 |    406 |    259 |   7384 |  15 |  692.7 |
       Dungeon |  10101 |   9713 |    388 |    259 |   7269 |  13 |  777.0 |
        Temple |     20 |      2 |     18 |      0 |      0 |   1 |   20.0 |
      Gauntlet |    268 |    268 |      0 |      0 |    115 |   1 |  268.0 |
               +--------+--------+--------+--------+--------+-----+--------+

Top non-repeatable levels by time:
     D:7: 1366 daAuts
     D:5: 1279 daAuts
    D:10: 974 daAuts
    D:11: 886 daAuts
     D:4: 831 daAuts
     D:9: 775 daAuts
     D:1: 757 daAuts
     D:8: 736 daAuts
    D:12: 729 daAuts
     D:2: 642 daAuts
     D:6: 544 daAuts
     D:3: 524 daAuts
Gauntlet: 268 daAuts
    D:13: 53 daAuts
  Temple: 20 daAuts
